 Dungeon Crawl Stone Soup version 0.28.0-45-g0d030f2227 (webtiles) character file.

Game seed: 13599110018509992581

200 Iusername the Ducker (level 5, 0/46 HPs)
             Began as a Draconian Berserker on Apr 7, 2022.
             Was a Believer of Trog.
             Slain by an orc priest
             ... wielding a +0 club
              (5 damage)
             ... on level 6 of the Dungeon.
             The game lasted 00:13:24 (5604 turns).

Iusername the Ducker (Draconian Berserker)          Turns: 5604, Time: 00:13:26

Health: 0/46       AC:  5    Str: 19 (21) XL:     5   Next: 48%
Magic:  5/5        EV: 12    Int: 12 (14) God:    Trog [**....]
Gold:   44         SH:  0    Dex:  8 (10) Spells: 4/4 levels left

rFire   . . .      SeeInvis .   j - +10 club
rCold   + . .      Faith    .   (no shield)
rNeg    . . .      Spirit   .   (armour unavailable)
rPois   .          Reflect  .   (helmet restricted)
rElec   .          Harm     .   (no cloak)
rCorr   .          Rampage  .   (no gloves)
Will    .....                   (no boots)
Stlth   +.........              (no amulet)
HPRegen 0.15/turn               b - ring of protection from cold
MPRegen 0.09/turn               i - +6 ring of intelligence

@: confused, brilliant, lethally poisoned (0 -> -4)
A: AC +5, unfitting armour, cold-blooded
a: Renounce Religion, Berserk, Trog's Hand


You were on level 6 of the Dungeon.
You worshipped Trog.
Trog was pleased with you.
You visited 1 branch of the dungeon, and saw 4 of its levels.

You collected 44 gold pieces.

Inventory:

Hand Weapons
 a - a +0 halberd
 f - a +0 morningstar
 j - a +10 club (weapon)
Jewellery
 b - a ring of protection from cold (left hand)
 i - a +6 ring of intelligence (right hand)
 l - a ring of flight
Wands
 g - a wand of polymorph (2) (quivered)
Scrolls
 c - 2 scrolls of identify {unknown}
 e - a scroll of immolation {unknown}
 m - a scroll of fear {unknown}
Potions
 d - a potion of lignification {unknown}


   Skills:
 + Level 4.0 Fighting
 + Level 2.4 Maces & Flails
 + Level 4.2 Dodging
 + Level 0.6 Stealth
 + Level 3.3 Unarmed Combat
 + Level 0.4 Evocations


You had 4 spell levels left.
You didn't know any spells.
Your spell library was empty.

Dungeon Overview and Level Annotations

Branches:
Dungeon (3/15)

Altars:
Ashenzari
Makhleb
Ru
Vehumet
Xom
Zin
The Shining One

Shops:
D:1 *

Annotations:
D:6 Blork the orc, Edmund


Innate Abilities, Weirdness & Mutations

Your plain brown scales are hard. (AC +5)
You cannot fit into any form of body armour.
You are cold-blooded and may be slowed by cold attacks.


Message History

The orc priest invokes the aid of Beogh against you.
Pain shoots through your body!
The orc picks up a +0 hand axe.
The orc wields a +0 hand axe.
A gnoll sergeant comes into view. It is wielding a +2 trident of venom.
The orc struggles to resist.
The gnoll sergeant shouts!
You hear a shout!
A gnoll comes into view. It is wielding a +0 club.
The scorpion barely misses you.
The orc struggles to resist.
The scorpion stings you.
You barely miss the orc priest. The scorpion closely misses you.
Edmund the Younger comes into view.
He is wielding a +3 vorpal flail.
The orc barely misses you. The scorpion stings you.
You are poisoned.
The scorpion poisons you!
You sock the orc!
You kill the orc!
Trog accepts your kill.
You feel very sick. The scorpion barely misses you.
The orc hits you with a +0 hand axe.
The orc priest looks satisfied for a moment.
Blork the orc hits you with a +0 flail. The gnoll hits you with a +0 whip.
The orc wizard hits you but does no damage.
It was a potion of degeneration.
There was something very wrong with that liquid.
You feel weakened.
You feel dopey.
You feel clumsy.
You feel sick. The scorpion stings you.
* * * LOW HITPOINT WARNING * * *
The orc hits you with a +0 hand axe.
* * * LOW HITPOINT WARNING * * *
The orc priest barely misses you. Blork the orc closely misses you.
The gnoll barely misses you. The orc wizard casts a spell at you.
You are confused.
It was a potion of brilliance.
You feel clever all of a sudden.
* * * LOW HITPOINT WARNING * * *
You feel sick.
The scorpion stings you but does no damage.
The orc hits you but does no damage. The orc priest hits you with a +0 club.
You die...

... .. ....
.... .. ....
....##.###..g..
#.......#@g.##
###...........#
.........g.<..#
......oog)...#
......)@s....#
......oo...###
.........###
........##
.........
.........
.........
.........#


You could see Edmund, Blork the orc, a gnoll sergeant, a scorpion, an orc
priest, an orc wizard, 3 gnolls and an orc.

Vanquished Creatures
  Ijyb (D:3)
  Robin (D:3)
  3 adders
  4 gnolls (D:2)
  A white imp (D:3)
  An orc (D:6)
  6 bats
  6 endoplasms
  8 giant cockroaches
  12 goblins
  10 hobgoblins
  5 jackals
  5 kobolds
  2 quokkas
  6 ball pythons
  4 frilled lizards
  10 rats
85 creatures vanquished.

Notes
Turn   | Place    | Note
-------+----------+-------------------------------------------
     0 | D:1      | Iusername the Draconian Berserker began the quest for the
                  | Orb.
     0 | D:1      | Reached XP level 1. HP: 19/19 MP: 1/1
  1123 | D:1      | Reached XP level 2. HP: 26/26 MP: 2/2
  2059 | D:1      | Found a faded altar of an unknown god.
  2560 | D:1      | Found Axoapler's Assorted Antiques.
  2573 | D:1      | Reached XP level 3. HP: 31/31 MP: 3/3
  2729 | D:2      | Reached ** piety under Trog
  3146 | D:2      | Reached XP level 4. HP: 2/40 MP: 4/4
  3698 | D:2      | Reached skill level 1 in Maces & Flails
  4029 | D:3      | Noticed Ijyb
  4048 | D:3      | Killed Ijyb
  4118 | D:3      | Noticed Terence
  4121 | D:3      | Noticed Terence
  4121 | D:3      | Terence changed into Terence the adder
  4129 | D:3      | Killed Terence the adder
  4130 | D:3      | Reached XP level 5. HP: 22/46 MP: 5/5
  4650 | D:3      | Found a glowing golden altar of the Shining One.
  4737 | D:3      | Found a shimmering altar of Xom.
  4752 | D:3      | Found a burning altar of Makhleb.
  4752 | D:3      | Found a radiant altar of Vehumet.
  4754 | D:3      | Found a broken altar of Ashenzari.
  4754 | D:3      | Found a glowing silver altar of Zin.
  4754 | D:3      | Found a sacrificial altar of Ru.
  4888 | D:3      | Found a burning altar of Makhleb.
  4888 | D:3      | Noticed Robin
  4901 | D:3      | Killed Robin
  5595 | D:3      | You fall into a shaft and drop 3 floors!
  5595 | D:6      | Noticed Blork the orc
  5601 | D:6      | Noticed Edmund
  5604 | D:6      | Slain by an orc priest

Illustrated notes

Levels and vault maps discovered:
D:1:      ncdulo_smallfort, layout_loops_corners, serial_shops,
          nicolae_square_shop, shapermc_ecumenical_altar_mp_vishouse
D:2:      layout_loops_ring, item_on_display_b
D:3:      layout_basic, mainiacjoe_overflow_catwalk, doesnt_xom_only_xom,
          tso_altar, serial_park_tiny_2, uniq_robin, uniq_terence, uniq_ijyb
D:6:      layout_cave_pools, serial_shops, nicolae_diamond_shop,
          uniq_crazy_yiuf_cottage, uniq_blork_the_orc, uniq_edmund

Skill      XL: |  1  2  3  4  5 |
---------------+----------------+-----
Dodging        | 3 4 |  4.2
Maces & Flails | 2 |  2.4
Fighting       | 4 |  4.0
Stealth        | |  0.6
Unarmed Combat | |  3.3
Evocations     | |  0.4

Action                   |  1- 3 |  4- 6 || total
-------------------------+-------+-------++-------
Melee: Unarmed           |    13 |       ||    13
       Club              |    52 |    11 ||    63
       Tailslap          |    13 |    11 ||    24
       Punch             |     4 |     2 ||     6
       Dagger            |    33 |       ||    33
       Morningstar       |    22 |   140 ||   162
Invok: Trog's Hand       |       |     1 ||     1
Evoke: Wand              |       |    30 ||    30
  Use: Scroll            |     2 |       ||     2
       Potion            |       |     2 ||     2
 Stab: Sleeping          |       |     1 ||     1
Armor: Skin              |    66 |    94 ||   160
Dodge: Dodged            |   154 |   173 ||   327
